 Dungeon Crawl Stone Soup version 0.25-a0-934-g041635d5d1 (webtiles) character file.

Game seed: 11612853625789255724, levelgen mode: deterministic

2158 Maedhros the Martial Artist (level 9, -4/54 HPs)
             Began as an Octopode Artificer on May 3, 2020.
             Was a Priest of Cheibriados.
             Slain by an orc
             ... wielding a +0 trident
              (9 damage)
             ... on level 8 of the Dungeon.
             The game lasted 00:10:44 (5529 turns).

Maedhros the Martial Artist (Octopode Artificer)    Turns: 5529, Time: 00:10:45

Health: -4/54      AC:  1    Str: 22    XL:     9   Next: 31%
Magic:  11/11      EV: 15    Int: 21    God:    Cheibriados [***...]
Gold:   260        SH:  8    Dex: 23    Spells: 8/8 levels left

rFire    . . .     SeeInvis .     - Unarmed
rCold    . . .     Gourm    .   a - +2 buckler {reflect}
rNeg     . . .     Faith    .   (helmet restricted)
rPois    .         Spirit   .   (no amulet)
rElec    .         Reflect  +   w - +4 ring of strength
rCorr    .         Harm     .   x - +3 ring of intelligence
MR       .....                  (no ring)
Stlth    ++++......             (no ring)
HPRegen  0.18/turn              (no ring)
MPRegen  0.12/turn              (no ring)
                                (no ring)
                                (no ring)

@: very slow
A: almost no armour, stealthy swim, amphibious, 8 rings, constrict 8, tentacle
spike 1, camouflage 1, dopey 1, mutation resistance 1, gelatinous body 1
a: Bend Time, Temporal Distortion, Renounce Religion


You were on level 8 of the Dungeon.
You worshipped Cheibriados.
Cheibriados was most pleased with you.
You were hungry.

You visited 2 branches of the dungeon, and saw 9 of its levels.
You also visited: Sewer.

You collected 410 gold pieces.
You spent 150 gold pieces at shops.

Inventory:

Missiles
 s - 6 curare-tipped darts (quivered)
 A - 18 poisoned darts
 E - 5 atropa-tipped darts
Armour
 a - a +2 buckler of reflection (worn)
Jewellery
 w - a +4 ring of strength (left tentacle)
 x - a +3 ring of intelligence (right tentacle)
Wands
 b - a wand of flame (7)
 c - a wand of enslavement (8)
 v - a wand of polymorph (8)
Scrolls
 e - 5 scrolls of teleportation {unknown}
 g - a scroll of enchant weapon {unknown}
 h - a scroll of fog {unknown}
 j - 5 scrolls of remove curse {unknown}
 k - 8 scrolls of identify {unknown}
 l - a scroll of blinking {unknown}
 m - a scroll of noise {unknown}
 n - a scroll of immolation {unknown}
 t - 2 scrolls of enchant armour {unknown}
 u - a scroll of random uselessness {unknown}
 y - a scroll of amnesia {unknown}
 C - a scroll of magic mapping {unknown}
Potions
 d - a potion of experience {unknown}
 i - a potion of resistance {unknown}
 o - 4 potions of flight {unknown}
 p - 4 potions of curing {unknown}
 q - a potion of berserk rage {unknown}
 r - 3 potions of mutation {unknown}
 z - a potion of stabbing {unknown}
 B - a potion of heal wounds {unknown}
 F - a potion of cancellation {unknown}
Comestibles
 f - 15 rations


   Skills:
 + Level 1.9 Fighting
   Level 1.0 Short Blades
 + Level 2.6 Dodging
 - Level 4.0 Stealth
 - Level 4.0 Shields
 - Level 10.5 Unarmed Combat
 - Level 3.2 Evocations


You had 8 spell levels left.
You didn't know any spells.
Your spell library was empty.

Dungeon Overview and Level Annotations

Branches:
Dungeon (8/15)             Temple (1/1) D:5            Lair (0/6) D:8
  Sewer (visited)

Altars:
Ashenzari
Cheibriados
Dithmenos
Elyvilon
Fedhas
Gozag
Kikubaaqudgha
Nemelex Xobeh
Okawaru
Vehumet
Xom
Yredelemnul
Zin
The Shining One

Shops:
D:6 *


Innate Abilities, Weirdness & Mutations

You cannot wear most types of armour.
You are very stealthy in the water. (Stealth+)
You are amphibious.
You can wear up to eight rings at the same time.
You can use your tentacles to constrict eight enemies at once.
Your skin changes colour to match your surroundings (Stealth+).
Your rubbery body absorbs attacks. (AC +1, EV +1)
One of your tentacles bears a spike.
You are dopey. (Int -2)
You are somewhat resistant to further mutation.


Message History

You tentacle-slap the orc wizard. You grab the orc wizard.
You pierce the orc wizard, but do no damage.
You squeeze the orc wizard!
You kill the orc wizard!
Cheibriados appreciates the change of pace.
The orc misses you. The orc closely misses you.
You tentacle-slap the orc but do no damage.
You grab the orc. You squeeze the orc!
You kill the orc!
Cheibriados thoroughly appreciates the change of pace.
The orc hits you with a +0 trident.
* * * LOW HITPOINT WARNING * * *
The orc hits you with a +0 trident!
* * * LOW HITPOINT WARNING * * *
You closely miss the orc. Your grab misses the orc.
Your tentacle spike misses the orc.
You tentacle-slap the orc. You squeeze the orc.
The orc is almost dead.
The orc hits you with a +0 trident!
You die...

.# #.#######....# .#
#..........#.# .#
##########.#.# .#
#.......#.###
<#########.#.#####...#
......... #.###..#
..####### #.# #.#
#))[## #.####.###..##
#.#).## #...o@.)..#
###...## ######[).##
##.....## ### #.....#
#.......#... ..#.#?#
#.......#.# ###.#.#
..........# .# #
..........# .#
....>.....#
.........##


You could see an orc.

Vanquished Creatures
  Grinder (D:3)
  A spriggan (D:7)
  A hungry ghost (D:8)
  2 wargs (D:8)
  An orc warrior (D:8)
  Purgy (Sewer)
  An ice beast (D:8)
  4 ogres
  A bullfrog (D:7)
  A water moccasin skeleton (D:8)
  A howler monkey (D:7)
  3 hounds
  5 orc wizards
  An orc priest (D:8)
  A bullfrog skeleton (D:5)
  An iguana (D:7)
  4 worker ants
  A worker ant zombie (D:7)
  7 adders
  An adder skeleton (D:8)
  5 worms
  5 leopard geckos
  18 orcs
  3 ball pythons
  11 bats
  7 giant cockroaches
  7 goblins
  4 hobgoblins
  10 jackals (D:2)
  9 kobolds
  A quokka (D:7)
  3 frilled lizards
  A leopard gecko zombie (D:6)
  8 rats
131 creatures vanquished.

Vanquished Creatures (collateral kills)
  An orc priest (D:8)
  An orc wizard (D:8)
  A shadow imp (D:5)
  An orc (D:5)
  A quokka (D:5)
5 creatures vanquished.

Vanquished Creatures (others)
  A warg (D:8)
1 creature vanquished.

Grand Total: 137 creatures vanquished

Notes
Turn   | Place    | Note
-------+----------+-------------------------------------------
     0 | D:1      | Maedhros the Octopode Artificer began the quest for the
                  | Orb.
     0 | D:1      | Reached XP level 1. HP: 13/13 MP: 3/3
    41 | D:1      | Reached XP level 2. HP: 18/18 MP: 4/4
   445 | D:2      | Reached skill level 1 in Unarmed Combat
   445 | D:2      | Reached XP level 3. HP: 16/23 MP: 5/5
   682 | D:4      | Reached skill level 2 in Unarmed Combat
   682 | D:4      | Reached XP level 4. HP: 23/28 MP: 6/6
  1015 | D:4      | Noticed a sky beast
  1043 | D:4      | Found a glowing silver altar of Zin.
  1287 | D:4      | Reached skill level 3 in Unarmed Combat
  1458 | D:4      | Reached XP level 5. HP: 30/33 MP: 7/7
  1565 | D:5      | Entered Level 5 of the Dungeon
  1688 | D:5      | Reached skill level 4 in Unarmed Combat
  2045 | D:5      | Noticed an ogre
  2050 | D:5      | Killed an ogre
  2050 | D:5      | Reached skill level 5 in Unarmed Combat
  2050 | D:5      | Reached XP level 6. HP: 38/38 MP: 8/8
  2125 | D:5      | Reached skill level 6 in Unarmed Combat
  2165 | D:5      | Found a staircase to the Ecumenical Temple.
  2174 | Temple   | Entered the Ecumenical Temple
  2235 | Temple   | Became a worshipper of Xom of Chaos
  2258 | Temple   | Fell from the grace of Xom
  2258 | Temple   | Became a worshipper of Cheibriados the Contemplative
  2693 | D:2      | Reached * piety under Cheibriados
  2705 | D:2      | Reached XP level 7. HP: 37/43 MP: 9/9
  2980 | D:3      | Noticed Grinder
  3007 | D:3      | Killed Grinder
  3007 | D:3      | Reached skill level 7 in Unarmed Combat
  3332 | D:3      | XOM: noise
  3522 | D:5      | Reached ** piety under Cheibriados
  3532 | D:5      | XOM: noise
  3553 | D:5      | XOM: give mutation
  3553 | D:5      | Gained mutation: Your system is resistant to poisons.
                  | (rPois) [Xom's mischief]
  3679 | D:5      | XOM: give mutations
  3679 | D:5      | Gained mutation: You are frail. (-10% HP) [Xom's mischief]
  3679 | D:5      | Gained mutation: You are somewhat resistant to further
                  | mutation. [Xom's mischief]
  3679 | D:5      | Gained mutation: You are weak. (Str -2) [Xom's mischief]
  3825 | D:6      | Found Bauqoj Cogg's Assorted Antiques.
  3833 | D:6      | Bought a moonstone ring for 150 gold pieces
  3836 | D:6      | Found an iron altar of Okawaru.
  3872 | D:6      | Found an ancient bone altar of Kikubaaqudgha.
  3874 | D:6      | Found a white marble altar of Elyvilon.
  3941 | D:6      | XOM: give mutations
  3941 | D:6      | Gained mutation: One of your tentacles bears a spike.
                  | [Xom's mischief]
  3941 | D:6      | Gained mutation: You are dopey. (Int -2) [Xom's mischief]
  4005 | D:6      | Found a glowing drain.
  4016 | Sewer    | Entered a sewer
  4079 | Sewer    | Noticed Purgy
  4088 | Sewer    | Killed Purgy
  4088 | Sewer    | Reached skill level 8 in Unarmed Combat
  4088 | Sewer    | Reached XP level 8. HP: 20/43 MP: 10/10
  4130 | Sewer    | XOM: give mutations
  4130 | Sewer    | Gained mutation: You are clumsy. (Dex -2) [Xom's mischief]
  4130 | Sewer    | Lost mutation: Your system is resistant to poisons. (rPois)
                  | [Xom's mischief]
  4248 | Sewer    | XOM: give mutations
  4248 | Sewer    | Lost mutation: You are clumsy. (Dex -2) [Xom's mischief]
  4248 | Sewer    | Lost mutation: You are weak. (Str -2) [Xom's mischief]
  4356 | D:6      | Found a shattered altar of Ashenzari.
  4479 | D:6      | XOM: god gift: shiny buckler {god gift}
  4548 | D:7      | Found a basalt altar of Yredelemnul.
  4572 | D:7      | Found a blossoming altar of Fedhas.
  4595 | D:7      | Noticed a spriggan baker
  4598 | D:7      | Killed a spriggan baker
  4598 | D:7      | Reached skill level 1 in Shields
  4743 | D:7      | XOM: 10-stop teleportation journey
  5156 | D:8      | Reached skill level 9 in Unarmed Combat
  5181 | D:8      | Killed a warg
  5181 | D:8      | Reached XP level 9. HP: 37/47 MP: 11/11
  5188 | D:8      | Reached *** piety under Cheibriados
  5188 | D:8      | Reached skill level 10 in Unarmed Combat
  5203 | D:8      | Found a staircase to the Lair.
  5337 | D:8      | XOM: give mutations
  5337 | D:8      | Gained mutation: Scrolls take you a little longer to read.
                  | [Xom's mischief]
  5337 | D:8      | Lost mutation: Scrolls take you a little longer to read.
                  | [Xom's mischief]
  5337 | D:8      | Lost mutation: You are frail. (-10% HP) [Xom's mischief]
  5529 | D:8      | Slain by an orc

Levels and vault maps discovered:
D:1:      grunt_arrival_crossed_arrows, layout_loops_cross, minivault_19,
          minmay_misc_feat_columns
D:2:      layout_rooms
D:3:      layout_rooms, kennysheep_generic_room_12, uniq_grinder
D:4:      layout_basic, zin_academy, first_ration
D:5:      layout_basic, temple_hall
D:6:      layout_basic, lemuel_round_altar,
          chequers_temple_overflow_statue_of_worship, basic_altar,
          gup_sewer_entry_pipe, serial_shops, nicolae_shop_crystal
D:7:      layout_loops_ring, marbit_many_paths, lemuel_crystal_altar,
          nicolae_overflow_hidden_temple, the_bakery, grunt_decor_arrowhead,
          grunt_ministairs_8
D:8:      layout_loops_ring, erik_lair_orcish_takeover
Temple:   dpeg_chambers_temple

Skill      XL: |  1  2  3  4  5  6  7  8  9 |
---------------+----------------------------+-----
Stealth        | 3 4 |  4.0
Unarmed Combat | 1 2 3 5 6 8 9 10 | 10.5
Shields        | 4 |  4.0
Fighting       | |  1.9
Short Blades   | |  1.0
Dodging        | |  2.6
Evocations     | |  3.2

Action                   |  1- 3 |  4- 6 |  7- 9 || total
-------------------------+-------+-------+-------++-------
Melee: Short sword       |    68 |    87 |    60 ||   215
       Constrict         |    19 |    24 |    34 ||    77
       Tentacles         |    12 |    28 |    39 ||    79
       Punch             |     1 |       |    16 ||    17
       Unarmed           |       |       |    83 ||    83
       Kick              |       |       |    33 ||    33
Evoke: Wand              |       |    10 |     8 ||    18
  Use: Potion            |       |       |     1 ||     1
 Stab: Sleeping          |     3 |     7 |    19 ||    29
  Eat: Chunk             |       |     6 |     5 ||    11
Armor: Skin              |     9 |     3 |    10 ||    22
Dodge: Dodged            |    40 |    52 |    79 ||   171
Block: Buckler           |       |       |    13 ||    13

Table legend:
 A = Non-vault XP
 B = Vault XP
 C = Vault XP percentage of total XP
 D = Non-vault monster count
 E = Vault monster count
 F = Vault count percentage of total count
                 A         B        C        D         E       F
            +---------+---------+-------+---------+---------+-------
      Total |    1888 |    1195 |  38.8 |     116 |      20 |  14.7
            +---------+---------+-------+---------+---------+-------
        D:1 |      39 |       0 |   0.0 |      22 |       0 |   0.0
        D:2 |      72 |       0 |   0.0 |      20 |       0 |   0.0
        D:3 |      95 |     281 |  74.7 |      22 |       1 |   4.3
        D:4 |     139 |       0 |   0.0 |      12 |       0 |   0.0
        D:5 |     438 |       0 |   0.0 |      18 |       0 |   0.0
        D:6 |      52 |      10 |  16.1 |       4 |       4 |  50.0
        D:7 |     216 |     224 |  50.9 |       7 |       1 |  12.5
        D:8 |     837 |     538 |  39.1 |      11 |       8 |  42.1
      Sewer |       0 |     142 | 100.0 |       0 |       6 | 100.0
            +---------+---------+-------+---------+---------+-------
